 Dungeon Crawl Stone Soup version 0.18-a0-1628-g61c6396 (webtiles) character file.

4650 Leszczynek the Grappler (level 10, -26/83 HPs)
             Began as a Ghoul Warper on Mar 25, 2016.
             Was a Believer of Makhleb.
             Annihilated by a tentacled starspawn (31 damage)
             ... on level 1 of the Abyss.
             The game lasted 00:47:14 (5967 turns).

Leszczynek the Grappler (Ghoul Warper)              Turns: 5967, Time: 00:47:15

Health: -26/83     AC: 12    Str: 16    XL:     10   Next: 43%
Magic:  0/11       EV: 10    Int: 11    God:    Makhleb [**....]
Gold:   432        SH:  5    Dex: 11    Spells: 2 memorised, 9 levels left

rFire  . . .     SeeInvis .       - Unarmed
rCold  + . .     Gourm    .     k - +2 scale mail of the Frog {rN+ Int+3}
rNeg   + + +     Faith    .     l - +0 buckler
rPois  ∞         Spirit   +     (no helmet)
rElec  .         Dismiss  .     i - +1 cloak
rCorr  .         Reflect  .     p - +0 pair of gloves
SustAt .         Harm     .     (no boots)
MR     .....                    e - amulet of guardian spirit
Stlth  ..........               (no ring)
                                (no ring)

@: very slightly contaminated, rotting, not resistant to hostile enchantments,
extremely unstealthy
A: rotting body, claws 1, carnivore 3, cold resistance 1, negative energy
resistance 3, slow regeneration 1, torment resistance, unbreathing
a: Minor Destruction, Renounce Religion


You were on level 1 of the Abyss.
You worshipped Makhleb.
Makhleb was pleased with you.
You were not hungry.

You visited 2 branches of the dungeon, and saw 9 of its levels.
You visited the Abyss 1 time.

You collected 432 gold pieces.

Inventory:

Hand Weapons
 b - a +1 hand crossbow
Missiles
 d - 3 tomahawks of dispersal (quivered)
 v - 13 poisoned needles
 w - 8 bolts of frost
 z - 100 bolts
Armour
 i - a +1 cloak (worn)
 k - the +2 scale mail of the Frog (worn) {rN+ Int+3}
   (You found it on level 5 of the Dungeon)

   It affects your intelligence (+3).
   It protects you from negative energy.
 l - a +0 buckler (worn)
 p - a +0 pair of gloves (worn)
Jewellery
 e - an amulet of guardian spirit (around neck)
Wands
 j - a wand of lightning (0/15)
 o - a wand of random effects (15/48)
 B - a wand of enslavement (11/24)
Scrolls
 g - 3 scrolls of fear
 t - 2 scrolls of enchant weapon
 u - 2 scrolls of remove curse
 x - a scroll of identify
Potions
 n - 4 potions of magic
 q - a potion of lignification
Books
 y - a book of Dreams

   Spells                             Type                      Level
   a - Ensorcelled Hibernation        Hexes/Ice                    2
   b - Silence                        Hexes/Air                    5
   c - Darkness                       Hexes                        6
   d - Shadow Creatures               Summoning                    6
 C - a book of Spatial Translocations

   Spells                             Type                      Level
   a - Apportation                    Translocation                1
   b - Blink                          Translocation                2
   c - Shroud of Golubria             Charms/Translocation         2
   d - Portal Projectile              Translocation                3
   e - Teleport Other                 Translocation                3
   f - Passage of Golubria            Translocation                4
Comestibles
 f - 2 meat rations
 h - 3 beef jerkies
 r - 5 slices of pizza


   Skills:
 * Level 5.9 Fighting
 + Level 1.9 Crossbows
 - Level 0.8 Throwing
 + Level 3.9 Armour
 - Level 1.7 Dodging
 - Level 4.4 Shields
 - Level 13.0 Unarmed Combat
 - Level 1.7 Spellcasting
 - Level 2.6 Translocations


You had 9 spell levels left.
You knew the following spells:

 Your Spells              Type           Power        Failure   Level  Hunger
a - Apportation           Tloc           #.........   34%         1    ##.....
b - Blink                 Tloc           N/A          56%         2    ###....


Dungeon Overview and Level Annotations

Branches:
Dungeon (8/15)             Temple (1/1) D:7            Lair (0/8) D:8

Altars:
Ashenzari
Dithmenos
Elyvilon
Fedhas
Gozag
Kikubaaqudgha
Makhleb
Nemelex Xobeh
Okawaru
Pakellas
Qazlal
Ru
Trog
Vehumet
Xom
Zin
The Shining One

Annotations:
D:8 Psyche


Innate Abilities, Weirdness & Mutations

Your body is rotting away.
You thrive on raw meat.
You are immune to poison.
You have sharp fingernails.
You are carnivorous and can eat meat at any time.
Your flesh is cold resistant.
You are immune to negative energy.
You regenerate slowly when monsters are visible.
You are immune to unholy pain and torment.
You can survive without breathing.


Message History

The tentacled starspawn is lightly damaged.
You punch the tentacled starspawn!
The tentacled starspawn is moderately damaged.
The tentacled starspawn bites you!
* * * LOW HITPOINT WARNING * * *
The tentacled starspawn engulfs you but does no damage.
Evoke which item? (* to show all) (? for menu, Esc to quit)
Okay, then.
Evoke which item? (* to show all) (? for menu, Esc to quit)
Okay, then.
Evoke which item? (* to show all) (? for menu, Esc to quit)
Zapping:
B - a wand of enslavement (will waste charges)
Press: ? - help, Shift-Dir - straight line, f/p - tentacled starspawn
Aim: a tentacled starspawn (moderately damaged, chance to defeat MR: 0%)
Okay, then.
Read which item? (? for menu, Esc to quit)
As you read the scroll of fear, it crumbles to dust.
You assume a fearsome visage.
The tentacled starspawn is unaffected.
The starspawn tentacle is unaffected.
The tentacled starspawn bites you!!
You die...

### ....
#.#.#.#
#.#....#
...#.# #
#.......#
#.###.#..#
#w# ...#
##X# #.
#@## .#
#..# #
####


You could see a tentacled starspawn and a starspawn tentacle.

Vanquished Creatures
  A thrashing horror (Abyss:1)
  Joseph (D:8)
  Grinder (D:3)
  A basilisk (D:8)
  2 hippogriffs
  2 hungry ghosts
  A soldier ant (D:8)
  2 porcupines (D:8)
  2 black bears
  An orc warrior (D:8)
  3 sky beasts
  4 ogres
  2 centaurs
  4 crocodiles (D:8)
  4 giant frogs
  A scorpion (D:5)
  5 crimson imps
  A jelly (D:6)
  An orc priest (D:3)
  5 orc wizards
  Crazy Yiuf (D:3)
  5 hounds
  3 worker ants (D:6)
  3 sheep (D:8)
  A hound skeleton (D:4)
  A howler monkey zombie (D:7)
  A worker ant zombie (D:6)
  Robin (D:3)
  7 river rats (D:8)
  6 adders
  3 oozes
  An adder skeleton (D:6)
  5 worms
  3 dart slugs
  3 giant geckos (D:7)
  14 orcs
  5 giant cockroaches
  8 goblins
  6 hobgoblins
  7 jackals
  3 quokkas
  7 bats
  A giant cockroach zombie (D:5)
  5 giant newts
  7 kobolds
  2 quokka skeletons
  9 rats
162 creatures vanquished.

Vanquished Creatures (others)
  A fungus (D:8)
  A plant (D:8)
  12 starspawn tentacles (Abyss:1)
  116 starspawn tentacle segments (Abyss:1)
130 creatures vanquished.

Grand Total: 292 creatures vanquished

Notes
Turn   | Place    | Note
--------------------------------------------------------------
     0 | D:1      | Leszczynek the Ghoul Warper began the quest for the Orb.
     0 | D:1      | Reached XP level 1. HP: 17/17 MP: 2/2
     0 | D:1      | fuck "speedrunning", just autoexplore
    38 | D:1      | Reached skill level 3 in Unarmed Combat
    38 | D:1      | Reached XP level 2. HP: 5/24 MP: 3/3
   461 | D:1      | Reached XP level 3. HP: 29/29 MP: 4/4
   528 | D:1      | 3 ?blink already, ha ha
   574 | D:2      | Reached skill level 4 in Unarmed Combat
   869 | D:2      | these layouts man
   976 | D:2      | Reached XP level 4. HP: 36/36 MP: 5/5
  1251 | D:3      | Noticed Robin
  1362 | D:3      | Noticed Grinder
  1363 | D:3      | damn
  1374 | D:3      | Found a sacrificial altar of Ru.
  1383 | D:3      | Paralysed by Grinder for 2 turns
  1391 | D:3      | Paralysed by Grinder for 5 turns
  1405 | D:3      | Killed Grinder
  1405 | D:3      | Reached skill level 7 in Unarmed Combat
  1405 | D:3      | Reached XP level 5. HP: 29/41 MP: 6/6
  1405 | D:3      | Reached XP level 6. HP: 33/48 MP: 7/7
  1406 | D:3      | nice
  1459 | D:3      | and no fucking Ru this time
  1459 | D:3      | Found an ancient bone altar of Kikubaaqudgha.
  1564 | D:3      | Found a faded altar to an unknown god.
  1590 | D:3      | random altar, eh
  1590 | D:3      | nah, not this time
  1711 | D:3      | Noticed Crazy Yiuf
  1743 | D:3      | Killed Crazy Yiuf
  1958 | D:3      | yiuf much harder than grinder
  1958 | D:3      | the world is upside down
  2025 | D:3      | Reached skill level 8 in Unarmed Combat
  2025 | D:3      | Reached XP level 7. HP: 41/54 MP: 8/8
  2187 | D:3      | Killed Robin
  2580 | D:4      | Found a radiant altar of Vehumet.
  2585 | D:4      | Reached skill level 9 in Unarmed Combat
  2689 | D:4      | Found a glowing golden altar of the Shining One.
  2690 | D:4      | Found a white marble altar of Elyvilon.
  2691 | D:4      | Found a glowing silver altar of Zin.
  2894 | D:4      | Learned a level 2 spell: Blink
  2896 | D:5      | Entered Level 5 of the Dungeon
  2947 | D:5      | Noticed a hungry ghost
  2972 | D:5      | Killed a hungry ghost
  2972 | D:5      | Reached skill level 10 in Unarmed Combat
  2972 | D:5      | Reached XP level 8. HP: 49/61 MP: 9/9
  3086 | D:5      | Found an oddly glowing altar of Pakellas.
  3366 | D:5      | 4 !magic, and sometimes i don't find more than 5-6 the whole game
  3381 | D:5      | Got a pitted scale mail
  3384 | D:5      | ho ho, randart scale mail and a buckler
  3463 | D:6      | it goes nice so far except i don't have a god yet
  3599 | D:6      | Reached skill level 11 in Unarmed Combat
  4054 | D:6      | Reached skill level 12 in Unarmed Combat
  4054 | D:6      | Reached XP level 9. HP: 67/67 MP: 10/10
  4111 | D:6      | Noticed a moth of wrath
  4114 | D:6      | Found a bloodstained altar of Trog.
  4608 | D:7      | Found a staircase to the Ecumenical Temple.
  4613 | Temple   | Entered the Ecumenical Temple
  4713 | Temple   | oka or hasbread
  4713 | Temple   | har har
  4713 | Temple   | it's a stupid pun
  4713 | Temple   | eh, let's go with makhleb for once
  4717 | Temple   | Became a worshipper of Makhleb the Destroyer
  4809 | D:7      | Reached skill level 13 in Unarmed Combat
  4837 | D:7      | Reached skill level 1 in Armour
  4951 | D:7      | Reached skill level 1 in Shields
  5198 | D:7      | still no identify after i found that randart armor
  5293 | D:8      | Found a shattered altar of Ashenzari.
  5295 | D:8      | Found a shadowy altar of Dithmenos.
  5315 | D:8      | Reached * piety under Makhleb
  5469 | D:8      | Found a staircase to the Lair.
  5522 | D:8      | Reached XP level 10. HP: 63/78 MP: 8/11
  5549 | D:8      | Noticed Joseph
  5552 | D:8      | plz
  5563 | D:8      | Killed Joseph
  5567 | D:8      | Reached skill level 1 in Crossbows
  5574 | D:8      | Reached ** piety under Makhleb
  5574 | D:8      | Reached skill level 5 in Fighting
  5766 | D:8      | Noticed Psyche
  5768 | D:8      | fuuuck
  5772 | D:8      | Cast into level 1 of the Abyss (Psyche)
  5772 | Abyss:1  | Found a corrupted altar of Lugonu.
  5773 | Abyss:1  | of course, on the very first hit
  5783 | Abyss:1  | Identified the +2 scale mail of the Frog {rN+ Int+3} (You found it on level 5 of the Dungeon)
  5799 | Abyss:1  | so i can convert to lucy right away
  5799 | Abyss:1  | and as usual - i shouldn't have fought with psyche at all
  5799 | Abyss:1  | i'm losing on my own wish
  5838 | Abyss:1  | found a gateway down :/
  5863 | Abyss:1  | Noticed a thrashing horror
  5864 | Abyss:1  | and this comes first
  5864 | Abyss:1  | gg
  5864 | Abyss:1  | no tp
  5880 | Abyss:1  | Killed a thrashing horror
  5881 | Abyss:1  | Noticed a tentacled starspawn
  5887 | Abyss:1  | great
  5887 | Abyss:1  | why can't i get some ynoxinuls or sth instead
  5908 | Abyss:1  | HP: 7/83 [earth elemental (29)]
  5957 | Abyss:1  | dead end, game over
  5966 | Abyss:1  | HP: 5/83 [tentacled starspawn (11)]
  5967 | Abyss:1  | Annihilated by a tentacled starspawn

Vault maps used:
D:1:      grunt_arrival_crossed_arrows
D:3:      nicolae_ru_sacrificial_ziggurat, kiku_gazebo_pond_becter,
          ecumenical_altar_1, first_bread, nicolae_underground_beach,
          uniq_grinder, uniq_robin, uniq_crazy_yiuf_cottage
D:4:      good_gods_temple_1, vehumet_crystals, wad_floor_pattern_untrapped
D:5:      kennysheep_little_box
D:6:      serial_glass, glass_columns_a, glass_columns_c, tgw_trog
D:7:      hangedman_decor_opposing
D:8:      gammafunk_temple_overflow_forgotten, tgw_sif, minmay_lair_entry_grove,
          uniq_joseph, uniq_psyche
Temple:   minmay_temple_curvy_8

Skill      XL: |  1  2  3  4  5  6  7  8  9 10 |
---------------+-------------------------------+-----
Unarmed Combat | 3 4 7 8 10 12 13 | 13.0
Armour         | 2 3 |  3.9
Shields        | 4 |  4.4
Fighting       | 3 5 |  5.9
Crossbows      | 1 |  1.9
Throwing       | |  0.8
Dodging        | |  1.7
Spellcasting   | |  1.7
Translocations | |  2.6

Action                   |  1- 3 |  4- 6 |  7- 9 | 10-12 || total
-------------------------+-------+-------+-------+-------++-------
Melee: Unarmed           |   144 |   114 |   483 |    58 ||   799
 Fire: Hand crossbow     |       |       |     8 |       ||     8
Throw: Tomahawk          |       |     9 |       |     2 ||    11
Evoke: Wand              |       |       |       |     8 ||     8
  Use: Potion            |       |     5 |       |     7 ||    12
       Scroll            |       |     1 |    12 |     4 ||    17
 Stab: Invisible         |       |     1 |       |       ||     1
  Eat: Chunk             |    15 |     7 |    45 |     6 ||    73
